 Dungeon Crawl Stone Soup version 0.29.0-4-gdea44cf6ec (webtiles) character file.

Game seed: 15093593752976450301

39 qw the Chopper (level 3, -2/21 HPs)
             Began as a Tengu Warper on Aug 28, 2022.
             Slain by a gnoll
             ... wielding a +0 spear
              (8 damage)
             ... on level 2 of the Dungeon.
             The game lasted 00:00:07 (2052 turns).

qw the Chopper (Tengu Warper)                       Turns: 2052, Time: 00:00:07

Health: -2/21      AC:  5    Str: 13    XL:     3   Next: 47%
Magic:  7/7        EV: 11    Int: 13    God:
Gold:   65         SH:  0    Dex: 13    Spells: 6/6 levels left

rFire   . . .      SeeInvis .   Y - +0 hand axe
rCold   . . .      Faith    .   (no shield)
rNeg    . . .      Spirit   .   h - +0 ring mail
rPois   .          Reflect  .   (helmet restricted)
rElec   .          Harm     .   (no cloak)
rCorr   .          Rampage  .   (no gloves)
Will    .....                   (boots unavailable)
Stlth   +.........              (no amulet)
HPRegen 0.07/turn               (no ring)
MPRegen 0.10/turn               (no ring)

@: no status effects
A: beak, talons 3
a: no special abilities


You were on level 2 of the Dungeon.
You visited 1 branch of the dungeon, and saw 2 of its levels.

You collected 65 gold pieces.


Innate Abilities, Weirdness & Mutations

You have a beak for a mouth.
You have claws for feet.


   Skills:
 - Level 2.0 Fighting
 + Level 4.2 Axes
 - Level 1.0 Throwing
 - Level 1.1 Armour
 - Level 2.1 Dodging
 - Level 2.0 Spellcasting
 - Level 2.4 Translocations


You had 6 spell levels left.
You didn't know any spells.
Your spell library contained the following spells:

 Spells                   Type           Power      Damage    Failure   Level
 Blink                    Tloc           14%        N/A       30%         2
 Gell's Gravitas          Tloc           7%         N/A       52%         3
 Lesser Beckoning         Tloc           7%         N/A       52%         3
 Teleport Other           Tloc           7%         N/A       52%         3
 Manifold Assault         Tloc           7%         N/A       99%         5

Inventory:

Hand Weapons
 e - a +0 whip
 Y - a +0 hand axe (weapon)
Armour
 a - a +0 pair of gloves
 h - a +0 ring mail (worn)
Potions
 j - a potion of lignification {unknown}

Dungeon Overview and Level Annotations

Branches:
Dungeon (2/15)

Altars:


Message History

Found a bubbling black potion.
Found a stone staircase leading up.
Enter note:
Enter note:
Enter note:
Found a scroll labelled KUTOHA VAFIN.
A bat comes into view.
The bat moves out of view.
There is an open door here.
You barely miss the gnoll. The gnoll hits you with a +0 whip.
You hit the gnoll but do no damage. You claw the gnoll, but do no damage.
The gnoll misses you.
You hit the gnoll. Your peck misses the gnoll.
The gnoll is moderately wounded.
The gnoll hits you from afar with a +0 spear.
The gnoll barely misses you.
A kobold comes into view. It is wielding a +0 club.
The gnoll closely misses you. The gnoll barely misses you.
The gnoll hits you from afar with a +0 spear.
You hit the gnoll.
The gnoll is heavily wounded.
You hit the gnoll.
The gnoll hits you from afar with a +0 spear.
The gnoll barely misses you. x2; The gnoll misses you.
You hit the gnoll. You claw the gnoll. You peck the gnoll.
The gnoll is severely wounded.
You hit the gnoll but do no damage.
The gnoll hits you from afar with a +0 spear.
The gnoll barely misses you. x3
You barely miss the gnoll. You claw the gnoll, but do no damage.
The gnoll is severely wounded.
You hit the gnoll.
The gnoll hits you from afar with a +0 spear.
The gnoll barely misses you. x2; The gnoll completely misses you.
You barely miss the gnoll. You claw the gnoll, but do no damage.
The gnoll is severely wounded.
You closely miss the gnoll. The gnoll barely misses you.
The gnoll closely misses you.
The gnoll hits you from afar with a +0 spear!
You die...

....#... ..#.#
#.###.#.#.#... ....#####
#.#.# #.....#.# # ....#
###.#.# ####### ....+
..#.#.. ....#
###.#.###### ....#
#...#......#
....###.#.#....#.#
....#..P.........#
...##.P..P.P..##@#
...##...PP####P.ggg?....
.......###P...PPg...!..#
.....### ....Pb........#
.###...# #.P....K......#
.. ....# ...}~PP.......#
#####..# .~}}..P..<....#
..# #.P~..........# ...


You could see 4 gnolls, a bat and a kobold.

Vanquished Creatures
  2 dart slugs
  8 ball pythons
  4 endoplasms
  3 giant cockroaches (D:1)
  4 hobgoblins (D:1)
  3 jackals (D:1)
  A quokka (D:1)
  A bat (D:1)
  A frilled lizard (D:1)
  2 rats (D:1)
29 creatures vanquished.

Vanquished Creatures (others)
  A fungus (D:2)
  A plant (D:2)
2 creatures vanquished.

Grand Total: 31 creatures vanquished

Notes
Turn   | Place    | Note
-------+----------+-------------------------------------------
     0 | D:1      | qw the Tengu Warper began the quest for the Orb.
     0 | D:1      | Reached XP level 1. HP: 12/12 MP: 4/4
     0 | D:1      | 0 ||| qw: Version: 0.1-a-89-g26bdef1
     0 | D:1      | 0 ||| qw: Game counter: 221
     0 | D:1      | 0 ||| qw: Always use a shield: true
     0 | D:1      | 0 ||| qw: God list: Okawaru
     0 | D:1      | 0 ||| qw: Allow faded altars: false
     0 | D:1      | 0 ||| qw: Do Orc after D:15 true
     0 | D:1      | 0 ||| qw: Do second Lair branch before Depths: true
     0 | D:1      | 0 ||| qw: Lair rune preference: random
     0 | D:1      | 0 ||| qw: Plans: Normal
     0 | D:1      | 0 ||| PLANNING D:1-11
   115 | D:1      | HP: 2/12 [jackal (2)]
   116 | D:1      | Reached XP level 2. HP: 3/17 MP: 6/6
   117 | D:1      | Reached skill level 3 in Axes
   846 | D:1      | 846 ||| Stepping ~*~*~tactically~*~*~ (stealth).
  1052 | D:1      | 1052 ||| Stepping ~*~*~tactically~*~*~ (hiding).
  1060 | D:1      | HP: 4/17 [frozen (1)]
  1322 | D:1      | Reached XP level 3. HP: 18/21 MP: 7/7
  1520 | D:1      | Reached skill level 4 in Axes
  1815 | D:1      | 1815 ||| UPGRADING to +0 ring mail.
  1825 | D:1      | 1825 ||| DROPPING +0 leather armour.
  1826 | D:1      | 1826 ||| READING scroll labelled DAZXUTWUIDAP.
  1827 | D:1      | 1827 ||| READING scroll labelled CIPNUK CAXU.
  1828 | D:1      | 1828 ||| READING scroll labelled OMULOFO IPNIE.
  1829 | D:1      | 1829 ||| READING scroll labelled OFUARITIEH.
  1830 | D:1      | 1830 ||| DROPPING scroll of blinking.
  2052 | D:2      | Slain by a gnoll

Levels and vault maps discovered:
D:1:      lemuel_arrival_funnel, layout_basic
D:2:      layout_basic, shapermc_ecumenical_altar_mp_ritualfount, uniq_natasha

Skill      XL: |  1  2  3 |
---------------+----------+-----
Axes           | 3 4 |  4.2
Fighting       | |  2.0
Throwing       | |  1.0
Armour         | |  1.1
Dodging        | |  2.1
Spellcasting   | |  2.0
Translocations | |  2.4

Action                   || total
-------------------------++-------
Melee: Hand axe          ||    61
       Kick              ||    18
       Peck              ||     8
Throw: Boomerang         ||     7
  Use: Scroll            ||     4
Armor: Leather armour    ||     7
Dodge: Dodged            ||    43

Table legend:
 A = Non-vault XP
 B = Vault XP
 C = Vault XP percentage of total XP
 D = Non-vault monster count
 E = Vault monster count
 F = Vault count percentage of total count
                 A         B        C        D         E       F
            +---------+---------+-------+---------+---------+-------
      Total |      57 |       0 |   0.0 |      29 |       0 |   0.0
            +---------+---------+-------+---------+---------+-------
        D:1 |      49 |       0 |   0.0 |      26 |       0 |   0.0
        D:2 |       8 |       0 |   0.0 |       3 |       0 |   0.0
            +---------+---------+-------+---------+---------+-------
